 Dungeon Crawl Stone Soup version 0.29.0-4-gdea44cf6ec (webtiles) character file.

Game seed: 9514908000768183690

30884 qw the Brawler (level 13, -5/111 (124) HPs)
             Began as a Troll Cinder Acolyte on Sept 2, 2022.
             Was an Elder of Okawaru.
             Slain by Rupert
             ... wielding a +0 great mace of draining
              (33 damage)
             ... on level 5 of the Lair of Beasts.
             The game lasted 00:07:45 (10960 turns).

qw the Brawler (Troll Cinder Acolyte)              Turns: 10960, Time: 00:07:46

HP:   -5/111 (124)  AC: 14    Str: 35    XL:     13   Next: 23%
MP:   14/15         EV:  9    Int: 12    God:    Okawaru [****..]
Gold: 545           SH: 11    Dex:  5    Spells: 14/14 levels left

rFire   . . .      SeeInvis .     - Unarmed
rCold   . . .      Faith    .   k - +0 kite shield
rNeg    . . .      Spirit   .   n - +2 acid dragon scales
rPois   .          Reflect  .   b - +1 hat "Qokoducw" {rElec Int+2}
rElec   +          Harm     .   (no cloak)
rCorr   +          Rampage  .   (gloves unavailable)
Will    .....                   (boots unavailable)
Stlth   ++........              (no amulet)
HPRegen 1.08/turn               h - +6 ring of strength
MPRegen 0.14/turn               (no ring)

@: about to teleport, heroic, heavily drained, fire susceptible
A: large, unfitting armour, claws 3, regeneration 1, shaggy fur 1, tough skin 1,
antennae 1, fangs 1, iridescent scales 1, wild magic 1
a: Renounce Religion, Heroism, Finesse


You were on level 5 of the Lair of Beasts.
You worshipped Okawaru.
Okawaru was greatly pleased with you.
You visited 3 branches of the dungeon, and saw 14 of its levels.
You also visited: Sewer.

You collected 685 gold pieces.
You spent 140 gold pieces at shops.


Innate Abilities, Weirdness & Mutations

You are too large for most types of armour.
You have claws for hands.
Your natural rate of healing is unusually fast.
You are covered in fur. (AC +1)
You have tough skin. (AC +1)
You have a pair of small antennae on your head.
You have very sharp teeth.
You are partially covered in iridescent scales. (AC +2)
Your spells are a little harder to cast, but a little more powerful.


   Skills:
 - Level 7.0(12.0) Fighting
 - Level 2.2(7.2) Throwing
 - Level 2.1(7.1) Armour
 - Level 1.6(6.6) Dodging
 - Level 11.0(16.0) Shields
 + Level 16.5(21.5) Unarmed Combat
 - Level 1.0 Spellcasting
 - Level 2.1 Fire Magic
 + Level 4.5 Invocations


You had 14 spell levels left.
You didn't know any spells.
Your spell library contained the following spells:

 Spells                   Type           Power      Damage    Failure   Level
 Scorch                   Fire           14%        2d5       38%         2

Inventory:

Armour
 b - the +1 hat "Qokoducw" (worn) {rElec Int+2}
   (You acquired it on level 2 of the Dungeon)

   Int:       It affects your intelligence (+2).
   rElec:     It insulates you from electricity.
 k - a +0 kite shield (worn)
 n - +2 acid dragon scales (worn)
Jewellery
 h - a +6 ring of strength (left claw)
 p - a ring of ice
Scrolls
 a - a scroll of brand weapon
 j - 7 scrolls of identify
 m - 2 scrolls of teleportation
Potions
 c - 6 potions of curing
 d - 2 potions of might
 e - a potion of resistance
 f - a potion of haste
 l - 3 potions of mutation

Dungeon Overview and Level Annotations

Branches:
Dungeon (8/15)             Temple (1/1) D:7            Lair (5/5) D:8
 Shoals (0/4) Lair:2       Spider (0/4) Lair:3        Slime (0/5) Lair:5
  Sewer (visited)

Altars:
Ashenzari
Cheibriados
Elyvilon
Fedhas
Gozag
Hepliaklqana
Kikubaaqudgha
Makhleb
Nemelex Xobeh
Okawaru
Qazlal
Ru
Sif Muna
Trog
Uskayaw
Vehumet
Wu Jian
Xom
Zin
The Shining One
Jiyva

Shops:
D:1 [   D:6 [:**

Annotations:
Lair:2 1 runed translucent door, qw's ghost, journeyman TrCA
Lair:5 Rupert


Message History

Rupert roars wildly at you.
You struggle to resist.
You block the wolf's attack.
10950 ||| Stepping ~*~*~tactically~*~*~ (outnumbered).
You feel sick.
You barely miss the wolf.
You feel sick. You block the hell rat's attack.
You barely miss the wolf. The wolf barely misses you.
You block the wolf's attack. The hell rat bites you.
You block the wolf's attack. x2
You scratch the wolf.
The wolf is lightly wounded.
You feel sick. The hell rat bites you!
You feel drained. The wolf bites you but does no damage.
10954 ||| Stepping ~*~*~tactically~*~*~ (outnumbered).
You feel sick. The hell rat bites you. The wolf bites you but does no damage.
You closely miss the wolf.
You feel sick. The hell rat bites you.
You feel drained.
Rupert roars madly and goes into a rage!
Rupert goes berserk!
The wolf bites you but does no damage.
You closely miss the wolf. You block the hell rat's attack.
You hear an angry hiss.
10957 ||| Stepping ~*~*~tactically~*~*~ (outnumbered).
You feel sick.
You are no longer poisoned.
The hell rat bites you but does no damage.
You scratch the hell rat.
The hell rat is moderately wounded.
You block the hell rat's attack.
10959 ||| Stepping ~*~*~tactically~*~*~ (outnumbered).
Rupert attacks as you move away! You block Rupert's attack.
Rupert rages.
Rupert hits you with a +0 great mace of draining!
You feel drained.
10960 ||| READING 3 scrolls of teleportation.
As you read the scroll of teleportation, it crumbles to dust.
You feel strangely unstable. The wolf bites you but does no damage.
You block the wolf's attack.
Rupert hits you with a +0 great mace of draining!!
You die...

..##P....#.......##
#.....##....8....#.#
#.................#
.###..#....##..## ..
......#...#.....##...
.......8%#...........
#...#...#..........##
.##.#F.##..r.........
.......h.##.@@......!.
.P#....#Fhh.hh._.....P
#.....##..S.>......#
#..... #.....P....#
..#.......#P.........# .
.#.##...P.....%..#.##
.#.# ##...........##..<
.....###.#..............
#..#...##.=.............


You could see Rupert (berserk), an oklob plant, a black mamba, a blink frog
(wandering), 4 wolves and a hell rat.

Vanquished Creatures
  A hydra (Lair:1)
  7 death yaks
  Sonja (Lair:2)
  An oklob plant (Lair:5)
  A manticore (Lair:2)
  9 elephants (Lair:3)
  A black mamba (Lair:2)
  11 cane toads
  8 komodo dragons
  A queen bee (Lair:1)
  A wind drake (Lair:2)
  A polar bear (Lair:3)
  5 hornets
  12 blink frogs
  3 jumping spiders (Lair:3)
  2 culicivoras (Lair:3)
  3 basilisks
  2 wyverns
  2 fire elementals (Lair:3)
  29 yaks
  4 redbacks (Lair:3)
  2 steam dragons
  An acid dragon (D:8)
  10 water moccasins
  2 ice beasts (D:5)
  2 orc warriors
  An ogre (D:6)
  A centaur (D:6)
  14 wolves
  A phantom (D:6)
  4 kobold brigands
  5 bullfrogs
  A necrophage (D:8)
  2 gnoll sergeants (D:6)
  5 scorpions
  25 killer bees (Lair:1)
  3 electric eels (Lair:2)
  4 hounds
  A gnoll bouda (D:7)
  2 jellies
  3 orc priests
  5 iguanas
  Ijyb (D:5)
  Natasha (twice) (D:2)
  3 orc wizards (D:7)
  4 hell rats
  Robin (D:4)
  12 gnolls
  2 river rats (Sewer)
  18 adders
  3 shadow imps
  A white imp (D:6)
  An ufetubus (D:5)
  4 worms
  9 dart slugs
  21 orcs
  7 bats
  8 endoplasms
  9 giant cockroaches
  22 goblins
  3 hobgoblins
  7 jackals
  9 quokkas
  17 ball pythons
  A frilled lizard (D:1)
  26 kobolds
  10 rats
400 creatures vanquished.

Vanquished Creatures (others)
  25 fungi
  26 plants
51 creatures vanquished.

Grand Total: 451 creatures vanquished

Notes
Turn   | Place    | Note
-------+----------+-------------------------------------------
     0 | D:1      | qw the Troll Cinder Acolyte began the quest for the Orb.
     0 | D:1      | Reached XP level 1. HP: 22/22 MP: 1/1
     0 | D:1      | 0 ||| qw: Version: 0.1-a-97-g2dd2ca4
     0 | D:1      | 0 ||| qw: Game counter: 5015
     0 | D:1      | 0 ||| qw: Always use a shield: true
     0 | D:1      | 0 ||| qw: God list: Okawaru
     0 | D:1      | 0 ||| qw: Allow faded altars: false
     0 | D:1      | 0 ||| qw: Do Orc after D:15 true
     0 | D:1      | 0 ||| qw: Do second Lair branch before Depths: true
     0 | D:1      | 0 ||| qw: Lair rune preference: random
     0 | D:1      | 0 ||| qw: Plans: Normal
     0 | D:1      | 0 ||| PLANNING D:1-11
    44 | D:1      | Found Niammu's Antique Armour Boutique.
    61 | D:1      | 61 ||| SHOPLISTING cloak (103 gold, have 0).
    69 | D:1      | 69 ||| Stepping ~*~*~tactically~*~*~ (stealth).
    80 | D:1      | 80 ||| Stepping ~*~*~tactically~*~*~ (stealth).
   108 | D:1      | Reached XP level 2. HP: 28/29 MP: 2/2
   432 | D:1      | Reached skill level 4 in Unarmed Combat
   485 | D:1      | 485 ||| Stepping ~*~*~tactically~*~*~ (outnumbered).
   562 | D:1      | 562 ||| Stepping ~*~*~tactically~*~*~ (stealth).
   565 | D:1      | 565 ||| Stepping ~*~*~tactically~*~*~ (stealth).
   569 | D:1      | 569 ||| Stepping ~*~*~tactically~*~*~ (stealth).
   586 | D:1      | Reached XP level 3. HP: 36/36 MP: 3/3
  1001 | D:1      | 1001 ||| UPGRADING to +6 ring of strength.
  1002 | D:1      | 1002 ||| READING scroll labelled CIR VEACSIPPUB.
  1003 | D:1      | 1003 ||| READING scroll labelled QUIPSO ROMPIFF.
  1007 | D:1      | 1007 ||| READING scroll labelled RUVYJO DY YGAV.
  1108 | D:1      | 1108 ||| READING scroll labelled IXINKI FIEBE.
  1230 | D:2      | 1230 ||| Stepping ~*~*~tactically~*~*~ (outnumbered).
  1327 | D:2      | Reached XP level 4. HP: 44/44 MP: 4/4
  1338 | D:2      | 1338 ||| Stepping ~*~*~tactically~*~*~ (stealth).
  1348 | D:2      | Noticed Natasha
  1352 | D:2      | Killed Natasha
  1353 | D:2      | Reached skill level 5 in Unarmed Combat
  1416 | D:2      | Noticed Natasha
  1421 | D:2      | Killed Natasha
  1515 | D:2      | Found a faded altar of an unknown god.
  1536 | D:2      | 1536 ||| Stepping ~*~*~tactically~*~*~ (stealth).
  1539 | D:2      | 1539 ||| Stepping ~*~*~tactically~*~*~ (stealth).
  1540 | D:2      | 1540 ||| Stepping ~*~*~tactically~*~*~ (stealth).
  1542 | D:2      | 1542 ||| Stepping ~*~*~tactically~*~*~ (stealth).
  1683 | D:2      | 1683 ||| READING scroll labelled ITRETO MIMPE.
  1684 | D:2      | 1684 ||| READING 2 scrolls labelled JUNUTTEDOGH.
  1685 | D:2      | 1685 ||| READING scroll labelled UBOUXT XAVA.
  1685 | D:2      | Identified a scroll of acquirement
  1685 | D:2      | 1685 ||| ACQUIRING +1 hat "Qokoducw" {rElec Int+2}
  1685 | D:2      | Acquired the +1 hat "Qokoducw" {rElec Int+2}
  1687 | D:2      | 1687 ||| UPGRADING to +1 hat "Qokoducw" {rElec Int+2}.
  1692 | D:2      | 1692 ||| DRINKING 2 coppery potions.
  1693 | D:2      | 1693 ||| DROPPING potion of brilliance.
  1713 | D:3      | 1713 ||| PLANNING SEWER
  1749 | D:3      | 1749 ||| Stepping ~*~*~tactically~*~*~ (stealth).
  1753 | D:3      | Reached XP level 5. HP: 50/50 MP: 5/5
  1758 | D:3      | 1758 ||| Stepping ~*~*~tactically~*~*~ (stealth).
  1764 | D:3      | 1764 ||| Stepping ~*~*~tactically~*~*~ (outnumbered).
  1855 | D:3      | 1855 ||| Stepping ~*~*~tactically~*~*~ (outnumbered).
  1904 | D:3      | Found a glowing drain.
  1920 | Sewer    | Entered a sewer
  1921 | Sewer    | 1921 ||| INVOKING Fiery Armour.
  1928 | Sewer    | Reached skill level 6 in Unarmed Combat
  2018 | Sewer    | Reached skill level 7 in Unarmed Combat
  2018 | Sewer    | Reached XP level 6. HP: 56/59 MP: 6/6
  2042 | Sewer    | Found a white marble altar of Elyvilon.
  2084 | D:3      | 2084 ||| PLANNING D:1-11
  2520 | D:3      | 2520 ||| READING scroll labelled NOAQIA QAMAY.
  2551 | D:4      | 2551 ||| Stepping ~*~*~tactically~*~*~ (stealth).
  2552 | D:4      | 2552 ||| Stepping ~*~*~tactically~*~*~ (stealth).
  2632 | D:4      | Found an ornate altar of the Wu Jian Council.
  2758 | D:4      | Found an opulent altar of Gozag.
  2996 | D:4      | Reached skill level 8 in Unarmed Combat
  3024 | D:4      | 3024 ||| INVOKING Fiery Armour.
  3031 | D:4      | Reached XP level 7. HP: 62/66 MP: 7/7
  3033 | D:4      | 3033 ||| Stepping ~*~*~tactically~*~*~ (outnumbered).
  3034 | D:4      | 3034 ||| Stepping ~*~*~tactically~*~*~ (outnumbered).
  3038 | D:4      | 3038 ||| FLEEEEING.
  3039 | D:4      | 3039 ||| FLEEEEING.
  3040 | D:4      | 3040 ||| FLEEEEING.
  3041 | D:4      | 3041 ||| FLEEEEING.
  3047 | D:4      | 3047 ||| Stepping ~*~*~tactically~*~*~ (hiding).
  3052 | D:4      | Noticed Robin
  3059 | D:4      | Killed Robin
  3128 | D:4      | Reached skill level 3 in Fighting
  3435 | D:4      | 3435 ||| UPGRADING to +0 kite shield.
  3440 | D:4      | 3440 ||| READING scroll labelled FOIDAO CUWAE.
  3441 | D:4      | 3441 ||| DRINKING 3 emerald potions.
  3442 | D:4      | 3442 ||| DRINKING 2 bubbling puce potions.
  3442 | D:4      | Gained mutation: Your spells are a little harder to cast,
                  | but a little more powerful. [potion of mutation]
  3442 | D:4      | Gained mutation: You have very sharp teeth. [potion of
                  | mutation]
  3442 | D:4      | Gained mutation: You are partially covered in iridescent
                  | scales. (AC +2) [potion of mutation]
  3442 | D:4      | Gained mutation: You have a pair of small antennae on your
                  | head. [potion of mutation]
  3443 | D:4      | 3443 ||| DRINKING 2 smoky brown potions.
  3444 | D:4      | 3444 ||| READING 3 scrolls of identify.
  3444 | D:4      | 3444 ||| IDENTIFYING purple potion
  3445 | D:4      | 3445 ||| READING 2 scrolls of identify.
  3445 | D:4      | 3445 ||| IDENTIFYING glowing sapphire potion
  3446 | D:4      | 3446 ||| DROPPING potion of ambrosia.
  3486 | D:5      | Entered Level 5 of the Dungeon
  3486 | D:5      | Noticed Ijyb
  3492 | D:5      | Killed Ijyb
  3553 | D:5      | Reached skill level 3 in Shields
  3711 | D:5      | Reached XP level 8. HP: 54/75 MP: 8/8
  3736 | D:5      | 3736 ||| Stepping ~*~*~tactically~*~*~ (hiding).
  3874 | D:5      | 3874 ||| Stepping ~*~*~tactically~*~*~ (outnumbered).
  3881 | D:5      | 3881 ||| INVOKING Fiery Armour.
  3895 | D:5      | 3895 ||| Stepping ~*~*~tactically~*~*~ (outnumbered).
  3897 | D:5      | 3897 ||| Stepping ~*~*~tactically~*~*~ (outnumbered).
  3898 | D:5      | 3898 ||| Stepping ~*~*~tactically~*~*~ (outnumbered).
  3899 | D:5      | 3899 ||| Stepping ~*~*~tactically~*~*~ (outnumbered).
  3906 | D:5      | 3906 ||| FLEEEEING.
  3908 | D:5      | 3908 ||| FLEEEEING.
  3909 | D:5      | 3909 ||| STAIRDANCE
  3924 | D:4      | 3924 ||| READING scroll labelled VIBETA GASK.
  3925 | D:4      | 3925 ||| READING scroll labelled TECUS URHEGADO.
  3926 | D:4      | 3926 ||| READING scroll labelled DAIM ECOELLAP.
  3927 | D:4      | 3927 ||| READING scroll labelled YSE ZANEREDI.
  3928 | D:4      | 3928 ||| READING 2 scrolls of identify.
  3928 | D:4      | 3928 ||| IDENTIFYING fuming emerald potion
  3929 | D:4      | 3929 ||| DROPPING potion of lignification.
  3932 | D:5      | 3932 ||| STAIRDANCE
  4035 | D:5      | Identified the +7 short sword of Cidecza {vorpal, rC+
                  | Int+4}
  4243 | D:5      | 4243 ||| Stepping ~*~*~tactically~*~*~ (hiding).
  4247 | D:5      | 4247 ||| INVOKING Fiery Armour.
  4252 | D:5      | Reached skill level 6 in Shields
  4271 | D:5      | Found a broken altar of Ashenzari.
  4319 | D:5      | Found a sparkling altar of Nemelex Xobeh.
  4320 | D:5      | 4320 ||| Stepping ~*~*~tactically~*~*~ (hiding).
  4406 | D:5      | 4406 ||| DROPPING ring of flight.
  4407 | D:5      | 4407 ||| READING scroll labelled ASYCLY GEIN.
  4440 | D:6      | 4440 ||| Stepping ~*~*~tactically~*~*~ (stealth).
  4441 | D:6      | 4441 ||| Stepping ~*~*~tactically~*~*~ (stealth).
  4462 | D:6      | 4462 ||| Stepping ~*~*~tactically~*~*~ (stealth).
  4463 | D:6      | 4463 ||| Stepping ~*~*~tactically~*~*~ (outnumbered).
  4464 | D:6      | 4464 ||| Stepping ~*~*~tactically~*~*~ (stealth).
  4472 | D:6      | 4472 ||| Stepping ~*~*~tactically~*~*~ (outnumbered).
  4475 | D:6      | 4475 ||| INVOKING Fiery Armour.
  4549 | D:6      | Found Ruradeu's Armour Boutique.
  4553 | D:6      | Found Xylekh's General Store.
  4562 | D:6      | Reached skill level 9 in Unarmed Combat
  4562 | D:6      | 4562 ||| Stepping ~*~*~tactically~*~*~ (outnumbered).
  4562 | D:6      | Found Fiphytee's Book Boutique.
  4566 | D:6      | 4566 ||| Stepping ~*~*~tactically~*~*~ (outnumbered).
  4568 | D:6      | 4568 ||| Stepping ~*~*~tactically~*~*~ (outnumbered).
  4570 | D:6      | 4570 ||| Stepping ~*~*~tactically~*~*~ (outnumbered).
  4571 | D:6      | 4571 ||| Stepping ~*~*~tactically~*~*~ (outnumbered).
  4574 | D:6      | 4574 ||| Stepping ~*~*~tactically~*~*~ (outnumbered).
  4621 | D:6      | Found Osigil's Assorted Antiques.
  4632 | D:6      | 4632 ||| BUYING potion of curing (84 gold).
  4632 | D:6      | Bought a potion of curing for 84 gold pieces
  4632 | D:6      | 4632 ||| BUYING scroll of identify (56 gold).
  4632 | D:6      | Bought a scroll of identify for 56 gold pieces
  4735 | D:6      | Reached XP level 9. HP: 81/81 MP: 9/9
  4748 | D:6      | Reached skill level 1 in Dodging
  4754 | D:6      | 4754 ||| FLEEEEING.
  4755 | D:6      | 4755 ||| FLEEEEING.
  4756 | D:6      | 4756 ||| FLEEEEING.
  4757 | D:6      | 4757 ||| FLEEEEING.
  4758 | D:6      | 4758 ||| FLEEEEING.
  4764 | D:6      | 4764 ||| FLEEEEING.
  4765 | D:6      | 4765 ||| FLEEEEING.
  4766 | D:6      | 4766 ||| FLEEEEING.
  4767 | D:6      | 4767 ||| FLEEEEING.
  4768 | D:6      | 4768 ||| FLEEEEING.
  4841 | D:6      | Found a glowing silver altar of Zin.
  4994 | D:6      | 4994 ||| READING 3 scrolls of identify.
  4994 | D:6      | 4994 ||| IDENTIFYING cyan potion
  4995 | D:6      | 4995 ||| DROPPING potion of berserk rage.
  5057 | D:7      | 5057 ||| INVOKING Fiery Armour.
  5062 | D:7      | 5062 ||| Stepping ~*~*~tactically~*~*~ (outnumbered).
  5078 | D:7      | 5078 ||| Stepping ~*~*~tactically~*~*~ (outnumbered).
  5116 | D:7      | Found a staircase to the Ecumenical Temple.
  5117 | D:7      | 5117 ||| FLEEEEING.
  5118 | D:7      | 5118 ||| FLEEEEING.
  5206 | D:7      | Reached skill level 10 in Unarmed Combat
  5212 | D:7      | 5212 ||| DRINKING 6 potions of curing.
  5212 | D:7      | 5212 ||| (to cure confusion)
  5220 | D:7      | 5220 ||| Stepping randomly (disturbance).
  5221 | D:7      | 5221 ||| Stepping randomly (disturbance).
  5793 | D:7      | Found a shimmering altar of Xom.
  5798 | D:7      | Found a shimmering blue altar of Sif Muna.
  5800 | D:7      | Found a radiant altar of Vehumet.
  5863 | D:7      | 5863 ||| READING scroll labelled UZXOUCIREK.
  5866 | D:8      | Noticed a +0 spear
  5866 | D:8      | Noticed a +0 short sword
  5866 | D:8      | Noticed a +0 falchion
  5866 | D:8      | Noticed a +0 spear
  5866 | D:8      | Noticed a +0 short sword
  5866 | D:8      | Noticed a +0 falchion
  5867 | D:8      | Noticed a +0 dagger
  5867 | D:8      | Noticed a +0 dagger
  5868 | D:8      | 5868 ||| Stepping ~*~*~tactically~*~*~ (outnumbered).
  5872 | D:8      | 5872 ||| Stepping ~*~*~tactically~*~*~ (outnumbered).
  5875 | D:8      | 5875 ||| Stepping ~*~*~tactically~*~*~ (outnumbered).
  5935 | D:8      | Paralysed by a hornet for 1 turns
  5992 | D:8      | 5992 ||| FLEEEEING.
  6003 | D:8      | Noticed a death yak
  6004 | D:8      | 6004 ||| INVOKING Fiery Armour.
  6005 | D:8      | Noticed a death yak
  6009 | D:8      | 6009 ||| Stepping ~*~*~tactically~*~*~ (stealth).
  6013 | D:8      | 6013 ||| Stepping ~*~*~tactically~*~*~ (outnumbered).
  6019 | D:8      | Killed a death yak
  6019 | D:8      | Noticed a death yak
  6030 | D:8      | Killed a death yak
  6031 | D:8      | Reached XP level 10. HP: 48/93 MP: 10/10
  6033 | D:8      | HP: 19/93 [death yak (16)]
  6034 | D:8      | 6034 ||| READING 4 scrolls of teleportation.
  6035 | D:8      | 6035 ||| DRINKING 3 potions of heal wounds.
  6036 | D:8      | Killed a death yak
  6142 | D:8      | 6142 ||| Stepping ~*~*~tactically~*~*~ (hiding).
  6150 | D:8      | Reached skill level 11 in Unarmed Combat
  6273 | D:8      | 6273 ||| Stepping ~*~*~tactically~*~*~ (stealth).
  6275 | D:8      | 6275 ||| Stepping ~*~*~tactically~*~*~ (hiding).
  6301 | D:8      | 6301 ||| Stepping ~*~*~tactically~*~*~ (outnumbered).
  6338 | D:8      | 6338 ||| Stepping ~*~*~tactically~*~*~ (hiding).
  6344 | D:8      | Reached skill level 9 in Shields
  6382 | D:8      | Found a hide-covered altar of Uskayaw.
  6465 | D:8      | Found a staircase to the Lair.
  6507 | D:8      | Found a blossoming altar of Fedhas.
  6661 | D:8      | 6661 ||| PLANNING LAIR
  6661 | D:8      | 6661 ||| UPGRADING to +0 acid dragon scales.
  6671 | D:8      | 6671 ||| DROPPING +0 robe.
  6672 | D:8      | 6672 ||| READING 2 scrolls of enchant armour.
  6672 | D:8      | 6672 ||| ENCHANTING +0 acid dragon scales.
  6673 | D:8      | 6673 ||| READING scroll of enchant armour.
  6673 | D:8      | 6673 ||| ENCHANTING +1 acid dragon scales.
  6674 | D:8      | 6674 ||| READING 3 scrolls of identify.
  6674 | D:8      | 6674 ||| IDENTIFYING lumpy purple potion
  6675 | D:8      | 6675 ||| READING 2 scrolls of identify.
  6675 | D:8      | 6675 ||| IDENTIFYING fizzy clear potion
  6676 | D:8      | 6676 ||| DROPPING potion of degeneration.
  6677 | D:8      | 6677 ||| DROPPING potion of attraction.
  6689 | Lair:1   | Entered Level 1 of the Lair of Beasts
  6695 | Lair:1   | Reached skill level 1 in Armour
  6730 | Lair:1   | Noticed a cane toad
  6737 | Lair:1   | Killed a cane toad
  6748 | Lair:1   | Noticed a cane toad
  6755 | Lair:1   | Noticed a cane toad
  6756 | Lair:1   | 6756 ||| INVOKING Fiery Armour.
  6757 | Lair:1   | Killed a cane toad
  6766 | Lair:1   | Killed a cane toad
  6773 | Lair:1   | Noticed a cane toad
  6783 | Lair:1   | Killed a cane toad
  6784 | Lair:1   | Reached skill level 12 in Unarmed Combat
  6835 | Lair:1   | 6835 ||| Stepping ~*~*~tactically~*~*~ (outnumbered).
  6836 | Lair:1   | 6836 ||| Stepping ~*~*~tactically~*~*~ (outnumbered).
  6837 | Lair:1   | 6837 ||| Stepping ~*~*~tactically~*~*~ (outnumbered).
  6838 | Lair:1   | 6838 ||| Stepping ~*~*~tactically~*~*~ (outnumbered).
  6858 | Lair:1   | Reached XP level 11. HP: 87/102 MP: 11/11
  7126 | Lair:1   | Noticed a four-headed hydra
  7127 | Lair:1   | 7127 ||| INVOKING Fiery Armour.
  7134 | Lair:1   | Killed a six-headed hydra
  7135 | Lair:1   | Reached skill level 13 in Unarmed Combat
  7172 | Lair:1   | 7172 ||| Stepping ~*~*~tactically~*~*~ (stealth).
  7189 | Lair:1   | 7189 ||| Stepping ~*~*~tactically~*~*~ (stealth).
  7213 | Lair:1   | 7213 ||| Stepping ~*~*~tactically~*~*~ (stealth).
  7243 | Lair:1   | 7243 ||| Stepping ~*~*~tactically~*~*~ (stealth).
  7563 | Lair:1   | 7563 ||| READING scroll labelled GEINIH KYHAYSE.
  7595 | Lair:2   | 7595 ||| INVOKING Fiery Armour.
  7599 | Lair:2   | 7599 ||| Stepping ~*~*~tactically~*~*~ (outnumbered).
  7600 | Lair:2   | 7600 ||| Stepping ~*~*~tactically~*~*~ (outnumbered).
  7601 | Lair:2   | 7601 ||| Stepping ~*~*~tactically~*~*~ (outnumbered).
  7602 | Lair:2   | 7602 ||| Stepping ~*~*~tactically~*~*~ (outnumbered).
  7720 | Lair:2   | 7720 ||| INVOKING Fiery Armour.
  7728 | Lair:2   | Reached skill level 14 in Unarmed Combat
  8023 | Lair:2   | 8023 ||| Stepping ~*~*~tactically~*~*~ (stealth).
  8033 | Lair:2   | 8033 ||| Stepping ~*~*~tactically~*~*~ (stealth).
  8046 | Lair:2   | 8046 ||| Stepping ~*~*~tactically~*~*~ (stealth).
  8093 | Lair:2   | Found a runed translucent door.
  8097 | Lair:2   | Noticed qw's ghost (journeyman TrCA)
  8102 | Lair:2   | Noticed a boulder beetle
  8180 | Lair:2   | Found a staircase to the Shoals.
  8190 | Lair:2   | Reached skill level 6 in Fighting
  8327 | Lair:2   | 8327 ||| INVOKING Fiery Armour.
  8370 | Lair:2   | Reached XP level 12. HP: 109/114 MP: 12/12
  8522 | Lair:2   | Noticed Sonja
  8523 | Lair:2   | 8523 ||| INVOKING Fiery Armour.
  8529 | Lair:2   | Killed Sonja
  8823 | Lair:2   | 8823 ||| DRINKING 2 bubbling emerald potions.
  8824 | Lair:2   | 8824 ||| PLANNING TEMPLE
  8908 | Temple   | Entered the Ecumenical Temple
  8948 | Temple   | 8948 ||| PLANNING CONVERSION TO OKAWARU
  8955 | Temple   | Fell from the grace of Ignis
  8955 | Temple   | Became a worshipper of Warmaster Okawaru
  8956 | Temple   | 8956 ||| PLANNING LAIR
  9062 | Lair:3   | 9062 ||| STAIRDANCE
  9154 | Lair:3   | Noticed a death yak
  9154 | Lair:3   | Noticed a death yak
  9154 | Lair:3   | Noticed a death yak
  9154 | Lair:3   | Noticed a death yak
  9155 | Lair:3   | 9155 ||| Stepping ~*~*~tactically~*~*~ (stealth).
  9159 | Lair:3   | 9159 ||| Stepping ~*~*~tactically~*~*~ (outnumbered).
  9160 | Lair:3   | 9160 ||| Stepping ~*~*~tactically~*~*~ (outnumbered).
  9161 | Lair:3   | 9161 ||| Stepping ~*~*~tactically~*~*~ (outnumbered).
  9164 | Lair:3   | 9164 ||| Stepping ~*~*~tactically~*~*~ (outnumbered).
  9165 | Lair:3   | 9165 ||| Stepping ~*~*~tactically~*~*~ (outnumbered).
  9166 | Lair:3   | 9166 ||| Stepping ~*~*~tactically~*~*~ (outnumbered).
  9167 | Lair:3   | 9167 ||| Stepping ~*~*~tactically~*~*~ (outnumbered).
  9168 | Lair:3   | 9168 ||| Stepping ~*~*~tactically~*~*~ (outnumbered).
  9169 | Lair:3   | 9169 ||| Stepping ~*~*~tactically~*~*~ (outnumbered).
  9170 | Lair:3   | 9170 ||| Stepping ~*~*~tactically~*~*~ (outnumbered).
  9171 | Lair:3   | 9171 ||| STAIRDANCE
  9173 | Lair:2   | 9173 ||| Stepping ~*~*~tactically~*~*~ (outnumbered).
  9174 | Lair:2   | 9174 ||| Stepping ~*~*~tactically~*~*~ (outnumbered).
  9176 | Lair:2   | 9176 ||| Stepping ~*~*~tactically~*~*~ (outnumbered).
  9177 | Lair:2   | 9177 ||| Stepping ~*~*~tactically~*~*~ (outnumbered).
  9182 | Lair:2   | Killed a death yak
  9183 | Lair:2   | Reached skill level 15 in Unarmed Combat
  9186 | Lair:2   | Killed a death yak
  9192 | Lair:2   | Killed a death yak
  9192 | Lair:2   | Reached * piety under Okawaru
  9254 | Lair:3   | 9254 ||| INVOKING Heroism.
  9257 | Lair:3   | Killed a death yak
  9258 | Lair:3   | Reached skill level 1 in Invocations
  9281 | Lair:3   | 9281 ||| Stepping ~*~*~tactically~*~*~ (outnumbered).
  9282 | Lair:3   | 9282 ||| Stepping ~*~*~tactically~*~*~ (outnumbered).
  9283 | Lair:3   | 9283 ||| Stepping ~*~*~tactically~*~*~ (outnumbered).
  9284 | Lair:3   | 9284 ||| Stepping ~*~*~tactically~*~*~ (outnumbered).
  9285 | Lair:3   | 9285 ||| Stepping ~*~*~tactically~*~*~ (outnumbered).
  9286 | Lair:3   | 9286 ||| Stepping ~*~*~tactically~*~*~ (outnumbered).
  9287 | Lair:3   | 9287 ||| Stepping ~*~*~tactically~*~*~ (outnumbered).
  9288 | Lair:3   | 9288 ||| Stepping ~*~*~tactically~*~*~ (outnumbered).
  9292 | Lair:3   | 9292 ||| Stepping ~*~*~tactically~*~*~ (outnumbered).
  9293 | Lair:3   | 9293 ||| Stepping ~*~*~tactically~*~*~ (outnumbered).
  9294 | Lair:3   | 9294 ||| Stepping ~*~*~tactically~*~*~ (outnumbered).
  9295 | Lair:3   | 9295 ||| Stepping ~*~*~tactically~*~*~ (outnumbered).
  9296 | Lair:3   | 9296 ||| Stepping ~*~*~tactically~*~*~ (outnumbered).
  9297 | Lair:3   | 9297 ||| Stepping ~*~*~tactically~*~*~ (outnumbered).
  9298 | Lair:3   | 9298 ||| Stepping ~*~*~tactically~*~*~ (outnumbered).
  9402 | Lair:3   | 9402 ||| INVOKING Heroism.
  9479 | Lair:3   | 9479 ||| Stepping ~*~*~tactically~*~*~ (stealth).
  9491 | Lair:3   | 9491 ||| INVOKING Heroism.
  9510 | Lair:3   | Reached skill level 3 in Invocations
  9510 | Lair:3   | 9510 ||| INVOKING Heroism.
  9545 | Lair:3   | 9545 ||| Stepping ~*~*~tactically~*~*~ (stealth).
  9548 | Lair:3   | 9548 ||| Stepping ~*~*~tactically~*~*~ (stealth).
  9549 | Lair:3   | 9549 ||| Stepping ~*~*~tactically~*~*~ (stealth).
  9566 | Lair:3   | Found a hole to the Spider Nest.
  9635 | Lair:3   | You fall into a shaft and drop 2 floors!
  9635 | Lair:5   | Entered Level 5 of the Lair of Beasts
  9635 | Lair:5   | Found a staircase to the Slime Pits.
  9635 | Lair:5   | Found a viscous altar of Jiyva.
  9636 | Lair:5   | 9636 ||| INVOKING Heroism.
  9649 | Lair:5   | HP: 26/114 [oklob plant/splash of acid (11)]
  9650 | Lair:5   | 9650 ||| READING 5 scrolls of teleportation.
  9651 | Lair:5   | 9651 ||| DRINKING 2 potions of heal wounds.
  9652 | Lair:5   | Reached ** piety under Okawaru
  9654 | Lair:5   | 9654 ||| DRINKING potion of heal wounds.
  9659 | Lair:5   | 9659 ||| Stepping ~*~*~tactically~*~*~ (outnumbered).
  9660 | Lair:5   | 9660 ||| Stepping ~*~*~tactically~*~*~ (outnumbered).
  9661 | Lair:5   | 9661 ||| INVOKING Heroism.
  9662 | Lair:5   | 9662 ||| Stepping ~*~*~tactically~*~*~ (outnumbered).
  9664 | Lair:5   | 9664 ||| Stepping ~*~*~tactically~*~*~ (outnumbered).
  9664 | Lair:5   | HP: 28/114 [wolf (2)]
  9665 | Lair:5   | 9665 ||| READING 4 scrolls of teleportation.
  9666 | Lair:5   | 9666 ||| Stepping ~*~*~tactically~*~*~ (outnumbered).
  9667 | Lair:5   | 9667 ||| Stepping ~*~*~tactically~*~*~ (outnumbered).
  9802 | Lair:3   | 9802 ||| INVOKING Heroism.
  9809 | Lair:3   | 9809 ||| Stepping ~*~*~tactically~*~*~ (outnumbered).
  9810 | Lair:3   | 9810 ||| Stepping ~*~*~tactically~*~*~ (outnumbered).
  9811 | Lair:3   | 9811 ||| Stepping ~*~*~tactically~*~*~ (outnumbered).
  9812 | Lair:3   | 9812 ||| Stepping ~*~*~tactically~*~*~ (outnumbered).
  9813 | Lair:3   | 9813 ||| Stepping ~*~*~tactically~*~*~ (stealth).
  9827 | Lair:3   | 9827 ||| Stepping ~*~*~tactically~*~*~ (stealth).
  9831 | Lair:3   | 9831 ||| Stepping ~*~*~tactically~*~*~ (stealth).
  9839 | Lair:3   | 9839 ||| INVOKING Heroism.
  9841 | Lair:3   | 9841 ||| Stepping ~*~*~tactically~*~*~ (outnumbered).
  9842 | Lair:3   | 9842 ||| Stepping ~*~*~tactically~*~*~ (outnumbered).
  9843 | Lair:3   | 9843 ||| Stepping ~*~*~tactically~*~*~ (outnumbered).
  9844 | Lair:3   | 9844 ||| Stepping ~*~*~tactically~*~*~ (outnumbered).
  9845 | Lair:3   | 9845 ||| Stepping ~*~*~tactically~*~*~ (outnumbered).
  9846 | Lair:3   | 9846 ||| Stepping ~*~*~tactically~*~*~ (outnumbered).
  9847 | Lair:3   | 9847 ||| Stepping ~*~*~tactically~*~*~ (outnumbered).
  9848 | Lair:3   | 9848 ||| Stepping ~*~*~tactically~*~*~ (outnumbered).
  9859 | Lair:3   | Reached *** piety under Okawaru
  9860 | Lair:3   | Reached skill level 16 in Unarmed Combat
  9959 | Lair:3   | 9959 ||| INVOKING Heroism.
  9979 | Lair:3   | 9979 ||| Stepping ~*~*~tactically~*~*~ (outnumbered).
  9980 | Lair:3   | 9980 ||| Stepping ~*~*~tactically~*~*~ (outnumbered).
  9984 | Lair:3   | 9984 ||| INVOKING Heroism.
 10061 | Lair:3   | 10061 ||| INVOKING Heroism.
 10063 | Lair:3   | Paralysed by a hornet for 1 turns
 10150 | Lair:3   | 10150 ||| Stepping ~*~*~tactically~*~*~ (stealth).
 10151 | Lair:3   | 10151 ||| Stepping ~*~*~tactically~*~*~ (stealth).
 10153 | Lair:3   | 10153 ||| INVOKING Heroism.
 10155 | Lair:3   | Reached XP level 13. HP: 123/123 MP: 12/15
 10156 | Lair:3   | 10156 ||| Stepping ~*~*~tactically~*~*~ (stealth).
 10160 | Lair:3   | 10160 ||| Stepping ~*~*~tactically~*~*~ (outnumbered).
 10189 | Lair:3   | 10189 ||| Stepping ~*~*~tactically~*~*~ (stealth).
 10191 | Lair:3   | 10191 ||| Stepping ~*~*~tactically~*~*~ (stealth).
 10193 | Lair:3   | 10193 ||| INVOKING Heroism.
 10198 | Lair:3   | 10198 ||| Stepping ~*~*~tactically~*~*~ (outnumbered).
 10221 | Lair:3   | 10221 ||| INVOKING Heroism.
 10240 | Lair:3   | 10240 ||| INVOKING Heroism.
 10241 | Lair:3   | 10241 ||| Stepping ~*~*~tactically~*~*~ (stealth).
 10254 | Lair:3   | 10254 ||| Stepping ~*~*~tactically~*~*~ (outnumbered).
 10261 | Lair:3   | 10261 ||| Stepping ~*~*~tactically~*~*~ (stealth).
 10266 | Lair:3   | 10266 ||| Stepping ~*~*~tactically~*~*~ (stealth).
 10272 | Lair:3   | 10272 ||| Stepping ~*~*~tactically~*~*~ (stealth).
 10283 | Lair:3   | 10283 ||| Stepping ~*~*~tactically~*~*~ (outnumbered).
 10284 | Lair:3   | Reached **** piety under Okawaru
 10287 | Lair:3   | 10287 ||| Stepping ~*~*~tactically~*~*~ (outnumbered).
 10383 | Lair:3   | 10383 ||| Stepping ~*~*~tactically~*~*~ (hiding).
 10480 | Lair:3   | 10480 ||| Stepping ~*~*~tactically~*~*~ (stealth).
 10609 | Lair:3   | 10609 ||| INVOKING Heroism.
 10925 | Lair:3   | You fall into a shaft and drop 2 floors!
 10926 | Lair:5   | 10926 ||| INVOKING Heroism.
 10929 | Lair:5   | 10929 ||| Stepping ~*~*~tactically~*~*~ (outnumbered).
 10934 | Lair:5   | 10934 ||| Stepping ~*~*~tactically~*~*~ (outnumbered).
 10935 | Lair:5   | 10935 ||| Stepping ~*~*~tactically~*~*~ (outnumbered).
 10936 | Lair:5   | 10936 ||| Stepping ~*~*~tactically~*~*~ (outnumbered).
 10937 | Lair:5   | 10937 ||| Stepping ~*~*~tactically~*~*~ (outnumbered).
 10938 | Lair:5   | Noticed Rupert
 10939 | Lair:5   | 10939 ||| Stepping ~*~*~tactically~*~*~ (outnumbered).
 10946 | Lair:5   | 10946 ||| Stepping ~*~*~tactically~*~*~ (outnumbered).
 10947 | Lair:5   | 10947 ||| Stepping ~*~*~tactically~*~*~ (outnumbered).
 10948 | Lair:5   | 10948 ||| Stepping ~*~*~tactically~*~*~ (outnumbered).
 10949 | Lair:5   | 10949 ||| INVOKING Heroism.
 10950 | Lair:5   | 10950 ||| Stepping ~*~*~tactically~*~*~ (outnumbered).
 10954 | Lair:5   | 10954 ||| Stepping ~*~*~tactically~*~*~ (outnumbered).
 10957 | Lair:5   | 10957 ||| Stepping ~*~*~tactically~*~*~ (outnumbered).
 10959 | Lair:5   | 10959 ||| Stepping ~*~*~tactically~*~*~ (outnumbered).
 10959 | Lair:5   | HP: 27/111 [Rupert/+0 great mace of draining (2)]
 10960 | Lair:5   | 10960 ||| READING 3 scrolls of teleportation.
 10960 | Lair:5   | Slain by Rupert

Levels and vault maps discovered:
D:1:      shiori_arrival_whats_in_store_for_you, layout_loops_corners,
          serial_shops, shop
D:2:      kennysheep_six_static_rooms, layout_rooms,
          dreamdust_ecumenical_altar_hidden_monk_grotto, uniq_natasha
D:3:      layout_rooms, gup_sewer_entry_pipe, serial_curves, eino_curves_02,
          eino_curves_02, eino_curves_01, eino_curves_03,
          small_statue_intersection
D:4:      layout_gridville, grunt_gozag_breadcrumbs, nzn_wu_jian_contemplation,
          minmay_snake_closets, uniq_robin
D:5:      kennysheep_slugbush, layout_basic,
          mainiacjoe_overflow_surrounded_room, ashenzari_altar_1,
          minmay_between, uniq_ijyb
D:6:      layout_basic, mainiacjoe_overflow_alcove_1, minmay_shop_grid_forest
D:7:      layout_basic, minitemple, minmay_temple_entry_proselytizer,
          serial_glass, glass_columns_a, glass_columns_a, abandoned_shop,
          kennysheep_generic_room_10
D:8:      layout_basic, nicolae_uskayaw_en_pointe, fedhas_altar_fruit_tree,
          dpeg_lair_monsters
Temple:   nicolae_temple_hex_pool
Lair:1:   layout_hall_layers, special_room [special_room_bee]
Lair:2:   layout_small_grid, minmay_shoals_entry_beasts,
          ebering_ghost_inner_flame, serial_bayou_shore_a, grunt_megastairs_5,
          uniq_sonja
Lair:3:   layout_gridlike, nicolae_spider_entry_tight_spaces,
          dreamdust_wasp_nest
Lair:4:   layout_layer_cave, nzn_sisyphean_effort
Lair:5:   hellmonk_lair_end_abyssal_woods, layout_concentric_octagons,
          minmay_slime_entry_oklob_open, grunt_megastairs_4,
          lemuel_fruit_fields, uniq_rupert

Skill      XL: |  1  2  3  4  5  6  7  8  9 10 11 12 13 |
---------------+----------------------------------------+-----
Unarmed Combat | 4 5 7 8 9 10 12 14 16 | 16.5
Fighting       | 3 4 5 6 7 |  7.0
Shields        | 4 7 8 9 10 11 | 11.0
Dodging        | 1 |  1.6
Throwing       | 2 |  2.2
Armour         | 1 2 |  2.1
Invocations    | 4 |  4.5
Spellcasting   | |  1.0
Fire Magic     | |  2.1

Action                   |  1- 3 |  4- 6 |  7- 9 | 10-12 | 13-15 || total
-------------------------+-------+-------+-------+-------+-------++-------
Melee: Unarmed           |   105 |   151 |   284 |   501 |   111 ||  1152
       Punch             |     1 |     3 |       |       |       ||     4
       Bite              |       |       |    13 |    37 |    11 ||    61
Throw: Boomerang         |       |       |     3 |     7 |       ||    10
Invok: Fiery Armour      |       |     2 |     5 |     6 |       ||    13
       Heroism           |       |       |       |    12 |     6 ||    18
  Use: Scroll            |     4 |     4 |    11 |     8 |     1 ||    28
       Potion            |       |     1 |     4 |     4 |       ||     9
Armor: Robe              |    13 |    47 |   120 |    10 |       ||   190
       Acid dragon scale |       |       |       |   193 |    26 ||   219
Dodge: Dodged            |    44 |    47 |    88 |   151 |    23 ||   353
Block: Kite shield       |       |       |    93 |   197 |    56 ||   346

Table legend:
 A = Non-vault XP
 B = Vault XP
 C = Vault XP percentage of total XP
 D = Non-vault monster count
 E = Vault monster count
 F = Vault count percentage of total count
                 A         B        C        D         E       F
            +---------+---------+-------+---------+---------+-------
      Total |   31611 |   12509 |  28.4 |     272 |     126 |  31.7
            +---------+---------+-------+---------+---------+-------
        D:1 |      47 |       0 |   0.0 |      29 |       0 |   0.0
        D:2 |      97 |      45 |  31.7 |      19 |       7 |  26.9
        D:3 |     149 |      10 |   6.3 |      22 |       5 |  18.5
        D:4 |     201 |     122 |  37.8 |      18 |      22 |  55.0
        D:5 |     925 |     211 |  18.6 |      16 |      12 |  42.9
        D:6 |    1279 |       0 |   0.0 |      28 |       0 |   0.0
        D:7 |     463 |     210 |  31.2 |      21 |       3 |  12.5
        D:8 |    1275 |    2466 |  65.9 |      24 |       6 |  20.0
     Lair:1 |    5896 |    1874 |  24.1 |      18 |      26 |  59.1
     Lair:2 |    7015 |    3462 |  33.0 |      24 |      12 |  33.3
     Lair:3 |   13631 |    2978 |  17.9 |      50 |      13 |  20.6
     Lair:5 |     633 |     906 |  58.9 |       3 |       6 |  66.7
      Sewer |       0 |     225 | 100.0 |       0 |      14 | 100.0
            +---------+---------+-------+---------+---------+-------
